Map: Ruins of Endion

Players

GameOver - Winner!

  • Race: Terran Terran
  • League: Platinum

Skoflek

  • Race: Zerg Zerg

VOD

Have the link to the VOD?

Description

Time

  • Played on: April 15, 2016, 10:25 a.m.
  • Length: 16:00
Show
View Real Time Build Order
Export as new Build Order

GameOver Terran - Winner!

Build Orders: Liberator Opening, Reaper Expand 

Get SALT Encoding   

  12  0:00  SCV  
  13  0:13  SCV  
  14  0:18  Supply Depot  
  14  0:25  SCV  
  15  0:39  SCV  
  15  0:40  Barracks  
  16  0:44  Refinery  
  16  0:51  SCV  
  17  1:03  SCV  
  18  1:17  SCV  
  19  1:28  Reaper  
  19  1:29  Orbital Command  
  20  1:43  Command Center  
  20  1:54  Supply Depot  
  20  1:55  SCV  
  21  2:08  SCV, Factory  
  22  2:20  SCV  
  22  2:22  Refinery  
  23  2:23  Barracks Reactor  
  23  2:32  SCV  
  24  2:44  SCV  
  25  2:56  SCV, Starport  
  26  2:58  Orbital Command  
  26  3:10  SCV  
  27  3:15  Barracks Reactor  
  26  3:21  Hellion x2  
  26  3:24  SCV x2  
  31  3:31  Bunker  
  31  3:36  SCV  
  31  3:37  SCV  
  33  3:43  Hellion x2  
  33  3:44  Liberator  
  38  3:48  SCV  
  38  3:49  SCV  
  39  4:00  SCV  
  39  4:01  SCV  
  44  4:05  Supply Depot  
  44  4:11  Widow Mine  
  46  4:22  Marine  
  46  4:26  Liberator  
  40  4:40  Widow Mine  
  26  5:05  SCV x2  
  27  5:07  Command Center  
  27  5:19  Widow Mine  
  27  5:20  Widow Mine  
  29  5:27  SCV x2  
  29  5:38  Barracks Tech Lab  
  29  5:39  SCV x2  
  31  5:51  SCV x2  
  33  5:58  Barracks  
  33  6:00  Barracks  
  33  6:03  Medivac, SCV  
  33  6:04  SCV, Marine  
  38  6:19  SCV x2  
  38  6:22  Engineering Bay, Orbital Command  
  40  6:31  SCV x2  
  39  6:44  Marine  
  39  6:45  SCV  
  39  6:46  SCV  
  39  6:47  Viking, Marine  
  39  6:48  Widow Mine  
  39  6:50  Missile Turret  
  39  6:53  Marine  
  45  6:54  Marine  
  45  6:59  SCV  
  45  7:00  SCV x2  
  49  7:04  Marine  
  49  7:05  Marine  
  50  7:11  Marine  
  50  7:12  Marine  
  50  7:21  Marine  
  45  7:32  Marine  
  47  7:44  Marine  
  47  7:50  SCV x3  
  50  8:02  SCV x3  
  51  8:06  Stimpack  
  51  8:08  Barracks Reactor x2  
  51  8:09  Starport Reactor  
  49  8:14  SCV x2  
  49  8:18  Supply Depot  
  51  8:23  SCV  
  51  8:26  SCV  
  53  8:34  Terran Infantry Weapons Level 1, Supply Depot x2  
  53  8:39  SCV x2  
  53  8:40  SCV  
  53  8:41  Marine  
  57  8:43  Factory Reactor  
  57  8:45  Marine x3  
  57  8:46  Medivac  
  62  8:49  Marine  
  62  8:51  SCV  
  64  8:56  Supply Depot  
  64  8:59  Marine  
  63  9:03  Orbital Command  
  62  9:10  Marine x4  
  62  9:11  SCV  
  62  9:12  SCV  
  62  9:13  Refinery x2  
  62  9:14  Supply Depot  
  62  9:16  Marine  
  57  9:28  Marine  
  58  9:31  Bunker  
  58  9:32  Marine x2  
  58  9:33  Marine, Supply Depot  
  58  9:35  SCV x2  
  63  9:43  Supply Depot  
  63  9:44  Marine, Supply Depot  
  64  9:45  Marine  
  64  9:46  Widow Mine x2  
  64  9:47  Medivac x2  
  64  9:50  Marine  
  72  10:02  Marine x2  
  72  10:05  Marine x2  
  76  10:10  Marine  
  76  10:14  SCV x3  
  80  10:17  Barracks x2  
  80  10:20  Marine x2  
  82  10:26  Marine x2  
  82  10:28  Marine  
  84  10:30  Terran Infantry Armor Level 1  
  84  10:32  Engineering Bay  
  83  10:45  Marine x4  
  83  10:46  Medivac x2  
  91  11:04  Marine x5  
  79  11:05  Missile Turret  
  81  11:14  Missile Turret  
  81  11:22  Marine x5  
  81  11:23  Widow Mine x2  
  81  11:25  Barracks Reactor x2  
  78  11:26  Medivac  
  78  11:27  Medivac  
  78  11:29  SCV x2  
  81  11:33  Armory  
  81  11:36  Combat Shields  
  81  11:39  Marine x2  
  81  11:40  Marine x3  
  86  11:57  Marine x3  
  86  11:58  Marine x2  
  86  12:01  Liberator  
  86  12:04  Liberator  
  86  12:10  Marine x3  
  86  12:11  Marine  
  86  12:15  Orbital Command, Marine x4  
  91  12:16  Marine  
  91  12:18  Supply Depot  
  101  12:27  Terran Infantry Weapons Level 2  
  101  12:28  Marine x3  
  104  12:36  SCV x2  
  106  12:43  Marine x2  
  108  12:44  Widow Mine  
  111  12:53  Terran Infantry Armor Level 2  
  110  13:00  Marine x3  
  110  13:01  Marine x2  
  112  13:08  Marine x4  
  116  13:14  Widow Mine  
  116  13:18  Marine x3  
  116  13:19  Marine x2  
  121  13:22  Missile Turret  
  121  13:23  Missile Turret  
  121  13:25  Marine  
  121  13:26  Missile Turret  
  122  13:33  Marine x3  
  125  13:34  Widow Mine  
  125  13:35  Medivac x2  
  125  13:36  Marine  
  132  13:41  Marine x2  
  132  13:44  Marine x3  
  137  13:51  Marine x3  
  137  13:54  Marine  
  141  14:03  Marine x3  
  144  14:16  Marine x2  
  121  14:18  Marine x4  
  121  14:21  Marine  
  121  14:24  Supply Depot  
  126  14:25  Supply Depot x2  
  126  14:38  Marine x3  
  126  14:39  Marine x5  
  134  14:50  Marine  
  111  14:53  Widow Mine x2  
  111  14:54  Medivac x2  
  111  14:56  Marine x3  
  111  14:59  Marine x2  
  122  15:00  Marine x2  
  123  15:24  Marine x8  
  123  15:25  Marine  
  131  15:41  Marine  
Show
View Real Time Build Order
Export as new Build Order

Skoflek Zerg 

Build Orders: Hatch First 

Get SALT Encoding   

  12  0:02  Drone  
  13  0:13  Overlord  
  13  0:18  Drone  
  14  0:32  Drone x2  
  17  0:35  Drone  
  17  0:54  Hatchery  
  16  0:57  Drone  
  16  1:00  Extractor  
  16  1:01  Drone  
  17  1:18  Spawning Pool  
  16  1:19  Drone  
  17  1:26  Drone  
  18  1:34  Drone  
  19  1:41  Overlord  
  19  2:02  Drone  
  19  2:04  Queen  
  19  2:06  Queen  
  19  2:07  Zergling x2  
  19  2:08  Zergling x2  
  26  2:17  Drone  
  26  2:18  Drone  
  28  2:24  Roach Warren  
  27  2:30  Drone  
  27  2:31  Drone  
  27  2:36  Overlord  
  29  2:44  Overlord  
  31  3:13  Roach x8  
  31  3:18  Roach  
  47  3:26  Roach x2  
  51  3:35  Overlord  
  51  3:36  Drone  
  52  3:44  Lair  
  52  3:48  Extractor  
  50  3:58  Drone x5  
  54  4:19  Drone  
  54  4:20  Drone x5  
  60  4:27  Extractor  
  60  4:28  Extractor  
  59  4:31  Drone x2  
  48  4:57  Drone x8  
  54  5:05  Spire  
  47  5:39  Overlord x4  
  47  5:40  Overlord  
  45  5:48  Evolution Chamber  
  45  5:49  Evolution Chamber, Drone x3  
  47  5:50  Drone x3  
  47  5:54  Overlord x2  
  47  5:56  Queen  
  51  6:17  Mutalisk x6  
  58  6:49  Drone x2  
  58  6:50  Drone x5  
  58  6:52  Zerg Ground Armor Level 1, Zerg Melee Weapons Level 1  
  58  6:54  Drone x3  
  66  6:57  Hatchery  
  45  7:37  Spore Crawler  
  45  7:43  Zergling x10  
  45  7:44  Zergling x8  
  53  7:56  Drone  
  53  7:57  Drone x3  
  52  8:08  Metabolic Boost  
  52  8:18  Zergling x2  
  52  8:19  Zergling x18  
  60  8:27  Baneling Nest  
  51  8:40  Zergling x6  
  51  8:41  Zergling x4  
  55  8:46  Zerg Melee Weapons Level 2  
  55  8:52  Overseer  
  52  9:14  Zergling x4  
  52  9:15  Zergling x16  
  61  9:20  Drone x9  
  61  9:22  Queen  
  72  9:35  Spore Crawler  
  71  9:39  Infestation Pit  
  71  9:42  Drone x5  
  75  10:22  Extractor, Mutalisk x12  
  75  10:23  Mutalisk  
  75  10:24  Extractor  
  75  10:25  Mutalisk  
  101  10:52  Evolution Chamber  
  100  11:11  Queen  
  100  11:15  Drone  
  100  11:16  Drone x7  
  100  11:17  Drone  
  105  11:23  Drone  
  98  11:26  Overlord x5  
  98  11:27  Overlord  
  98  11:29  Hive  
  98  11:45  Zerg Flyer Weapons Level 1  
  98  11:46  Pathogen Glands  
  84  12:06  Hatchery, Zerg Ground Armor Level 2  
  84  12:07  Centrifical Hooks  
  83  12:10  Baneling x8  
  83  12:11  Baneling x19  
  83  12:14  Zergling x4  
  85  12:26  Queen  
  87  12:32  Burrow  
  86  12:44  Zergling x2  
  86  12:45  Zergling x20  
  86  12:46  Zergling x2  
  98  13:20  Ultralisk Cavern, Zerg Melee Weapons Level 3  
  98  13:21  Adrenal Glands  
  98  13:24  Drone  
  98  13:25  Drone x9  
  107  13:48  Spore Crawler  
  106  13:52  Zergling x12  
  106  13:53  Zergling x10  
  117  14:04  Zergling x6  
  85  14:21  Zergling x20  
  85  14:22  Zergling x4  
  90  14:28  Baneling x9  
  90  14:29  Baneling  
  90  14:31  Overseer  
  90  14:36  Zergling x2  
  90  14:37  Zergling x6  
  67  14:55  Ultralisk x3  
  53  15:31  Hatchery  
Tags
 
Add a new tag
Caveats
  • Supply blocks, unpowered buildings, or Contaminate may cause inaccurate times.
  • Supply counts are checked every 10 seconds.